ORI
UNIVERSITY OF NEBRASKA CORNHUSKERS @ UNIVERSITY OF MIAMI HURRICANES
08/14/2047
 
TOP OF THE 1ST
University of Nebraska Cornhuskers batting - Pitching for University of Miami Hurricanes : RHP Alberto Arellano
Pitching: RHP Alberto Arellano
Batting: RHB Chris Anthony 0-0: Called Strike
0-1: Called Strike
0-2: Ball
1-2: Ball
2-2: Strikes out swinging
Batting: RHB Mario Lopec 0-0: Called Strike
0-1: Fly out, F7 (Flyball, 7LM, EV 90.6 MPH)
Batting: LHB Jose Gonzalez 0-0: Called Strike
0-1: Ball
1-1: Swinging Strike
1-2: Strikes out looking
Top of the 1st over - 0 runs, 0 hits, 0 errors, 0 left on base; University of Nebraska 0 - University of Miami 0
BOTTOM OF THE 1ST
University of Miami Hurricanes batting - Pitching for University of Nebraska Cornhuskers : RHP Ronald Garbie
Pitching: LHP Samuel Hulbert
Batting: LHB Juan Zuniga 0-0: Ball
1-0: Called Strike
1-1: Ball
2-1: Ball
3-1: Ground out 5-3 (Groundball, 15, EV 83.1 MPH)
Batting: LHB Hector Salazar 0-0: Ball
1-0: Ground out U3 (Groundball, 3, EV 88.1 MPH)
Batting: RHB Luis Sanchez 0-0: Ball
1-0: Foul Ball, location: 2F
1-1: Ball
2-1: Ball
3-1: Base on Balls
Batting: SHB Taylor Shelton 0-0: Swinging Strike
0-1: Ball
1-1: Ball
2-1: Foul Ball, location: 2F
2-2: Ground out 1-3 (Groundball, 34S, EV 68.1 MPH)
Bottom of the 1st over - 0 runs, 0 hits, 0 errors, 1 left on base; University of Nebraska 0 - University of Miami 0
TOP OF THE 2ND
University of Nebraska Cornhuskers batting - Pitching for University of Miami Hurricanes : RHP Alberto Arellano
Batting: RHB Jason Blakeley 0-0: Ball
1-0: Ball
2-0: Swinging Strike
2-1: Foul Ball, location: 2F
2-2: Strikes out swinging
Batting: LHB Bob Appleby 0-0: Swinging Strike
0-1: Foul Ball, location: 2F
0-2: Ball
1-2: Ground out 4-3 (Groundball, 4, EV 93.1 MPH)
Batting: RHB Rob Bryan 0-0: Ground out 6-3 (Groundball, 6, EV 85.6 MPH)
Top of the 2nd over - 0 runs, 0 hits, 0 errors, 0 left on base; University of Nebraska 0 - University of Miami 0
BOTTOM OF THE 2ND
University of Miami Hurricanes batting - Pitching for University of Nebraska Cornhuskers : LHP Samuel Hulbert
Batting: LHB Jose Lopez 0-0: Ball
1-0: Ball
2-0: Called Strike
2-1: Ground out 5-3 (Groundball, 56, EV 101.9 MPH)
Batting: RHB Tu Vo 0-0: Ball
1-0: Foul Ball, location: 2F
1-1: Called Strike
1-2: Fly out, F7 (Flyball, 78M, EV 90.0 MPH)
Batting: RHB Danny Diaz 0-0: Called Strike
0-1: Ball
1-1: Foul Ball, location: 2F
1-2: Ball
2-2: Foul Ball, location: 2F
2-2: Ball
3-2: Base on Balls
Batting: LHB Alastair Cummings 0-0: Ball
1-0: Foul Ball, location: 2F
1-1: Ball
Danny Diaz is caught stealing 2nd base 2-6
Bottom of the 2nd over - 0 runs, 0 hits, 0 errors, 0 left on base; University of Nebraska 0 - University of Miami 0
TOP OF THE 3RD
University of Nebraska Cornhuskers batting - Pitching for University of Miami Hurricanes : RHP Alberto Arellano
Batting: RHB Will England 0-0: Called Strike
0-1: Foul Ball, location: 2F
0-2: Strikes out swinging
Batting: RHB Quentin Howland 0-0: Called Strike
0-1: Ball
1-1: Swinging Strike
1-2: Foul Ball, location: 2F
1-2: Ball
2-2: Strikes out swinging
Batting: LHB Kevin Brannon 0-0: Ball
1-0: Called Strike
1-1: Ball
2-1: Ball
3-1: Called Strike
3-2: Base on Balls
Batting: RHB Chris Anthony 0-0: Called Strike
0-1: Ground out 4-3 (Groundball, 4, EV 85.6 MPH)
Top of the 3rd over - 0 runs, 0 hits, 0 errors, 1 left on base; University of Nebraska 0 - University of Miami 0
BOTTOM OF THE 3RD
University of Miami Hurricanes batting - Pitching for University of Nebraska Cornhuskers : LHP Samuel Hulbert
Pitching: RHP Jason Kelly
Batting: LHB Alastair Cummings 0-0: Ball
1-0: Ball
2-0: Called Strike
2-1: Called Strike
2-2: Foul Ball, location: 2F
2-2: Ball
3-2: Base on Balls
Batting: RHB Justin Jackson 0-0: Foul Ball, location: 2F
0-1: Foul Ball, location: 2F
0-2: Strikes out swinging
Batting: LHB Juan Zuniga 0-0: Swinging Strike
0-1: Called Strike
0-2: Strikes out looking
Batting: LHB Hector Salazar 0-0: Ball
1-0: Ball
2-0: Foul Ball, location: 2F
2-1: Ground out 5-3 (Groundball, 56S, EV 83.1 MPH)
Bottom of the 3rd over - 0 runs, 0 hits, 0 errors, 1 left on base; University of Nebraska 0 - University of Miami 0
TOP OF THE 4TH
University of Nebraska Cornhuskers batting - Pitching for University of Miami Hurricanes : RHP Alberto Arellano
Batting: RHB Mario Lopec 0-0: Ground out 6-3 (Groundball, 6S, EV 71.9 MPH)
Batting: LHB Jose Gonzalez 0-0: Called Strike
0-1: Called Strike
0-2: Ball
1-2: Fly out, F8 (Flyball, 8LD, EV 91.9 MPH)
Batting: RHB Jason Blakeley 0-0: Ball
1-0: Called Strike
1-1: Fly out, F8 (Flyball, 8LD, EV 92.5 MPH)
Top of the 4th over - 0 runs, 0 hits, 0 errors, 0 left on base; University of Nebraska 0 - University of Miami 0
BOTTOM OF THE 4TH
University of Miami Hurricanes batting - Pitching for University of Nebraska Cornhuskers : RHP Jason Kelly
Pitching: RHP Miguel Bustamante
Batting: RHB Luis Sanchez 0-0: Ball
1-0: Fly out, F9 (Flyball, 9S, EV 91.2 MPH)
Batting: SHB Taylor Shelton 0-0: Ball
1-0: Foul Ball, location: 2F
1-1: TRIPLE (Flyball, 9LD, EV 91.2 MPH)
Batting: LHB Jose Lopez 0-0: Ball
1-0: Fly out, F8 (Flyball, 8LM, EV 75.0 MPH)
Runner from 3rd tags up, SCORES, throw by CF
Now in CF: Jeremy Weaver
Batting: RHB Tu Vo 0-0: Ball
1-0: Ground out 4-3 (Groundball, 4, EV 107.5 MPH)
Bottom of the 4th over - 1 run, 1 hit, 0 errors, 0 left on base; University of Nebraska 0 - University of Miami 1
TOP OF THE 5TH
University of Nebraska Cornhuskers batting - Pitching for University of Miami Hurricanes : RHP Alberto Arellano
Now at 2B: Drew Morgenstern
Now in LF: Jonathan Gardner
Batting: LHB Bob Appleby 0-0: Ground out 5-3 (Groundball, 56S, EV 66.9 MPH)
Batting: RHB Rob Bryan 0-0: Foul Ball, location: 2F
0-1: Ball
1-1: Foul Ball, location: 2F
1-2: Foul Ball, location: 2F
1-2: Strikes out swinging
Batting: RHB Will England 0-0: Called Strike
0-1: Ball
1-1: Ball
2-1: Called Strike
2-2: Ball
3-2: Strikes out looking
Top of the 5th over - 0 runs, 0 hits, 0 errors, 0 left on base; University of Nebraska 0 - University of Miami 1
BOTTOM OF THE 5TH
University of Miami Hurricanes batting - Pitching for University of Nebraska Cornhuskers : RHP Miguel Bustamante
Pitching: RHP Antonino Charno
Now at SS: Tariq Garane
Now in RF: Mike Rawson
Batting: RHB Danny Diaz 0-0: Called Strike
0-1: Ball
1-1: Called Strike
1-2: Foul Ball, location: 2F
1-2: Ground out 4-3 (Groundball, 4M, EV 110.0 MPH)
Batting: LHB Alastair Cummings 0-0: Ball
1-0: Ground out 5-3 (Groundball, 56S, EV 73.8 MPH)
Batting: RHB Justin Jackson 0-0: Ball
1-0: SOLO HOME RUN (Flyball, 7D, EV 100.0 MPH), Distance : 401 ft
Pinch Hitting: RHB Mark Kerr 0-0: Called Strike
0-1: Foul Ball, location: 2F
0-2: Ball
1-2: Ground out 4-3 (Groundball, 4M, EV 105.6 MPH)
Bottom of the 5th over - 1 run, 1 hit, 0 errors, 0 left on base; University of Nebraska 0 - University of Miami 2
TOP OF THE 6TH
University of Nebraska Cornhuskers batting - Pitching for University of Miami Hurricanes : RHP Alberto Arellano
Pitching: RHP Artemio Santiago
Now at C: Edward Purkis
Now at 1B: Brian Woods
Now in CF: Harry Labelle
Pinch Hitting: LHB Avicenna Abdul-Muta'al 0-0: Called Strike
0-1: Foul Ball, location: 2F
0-2: Foul Ball, location: 2F
0-2: Ball
1-2: Ball
2-2: Ball
3-2: Base on Balls
Pinch Hitting: RHB Salvador Guillen 0-0: Foul Ball, location: 2F
0-1: Foul Ball, location: 2F
0-2: Fielders Choice at 2nd, 5-4 (Groundball, 56S, EV 86.9 MPH)
Batting: RHB Jeremy Weaver 0-0: Foul Ball, location: 2F
0-1: Foul Ball, location: 2F
0-2: Strikes out looking
Pitching: LHP Bill MacDermid
Pinch Hitting: SHB Andy Henn 0-0: Ball
1-0: Ground out 4-3 (Groundball, 34, EV 99.4 MPH)
Top of the 6th over - 0 runs, 0 hits, 0 errors, 1 left on base; University of Nebraska 0 - University of Miami 2
BOTTOM OF THE 6TH
University of Miami Hurricanes batting - Pitching for University of Nebraska Cornhuskers : RHP Antonino Charno
Pitching: RHP Joe Hunter
Now at 2B: Andy Henn
Now at 3B: Tim Bond
Now in LF: Mike Rawson
Now in RF: Avicenna Abdul-Muta'al
Pinch Hitting: RHB Jaquan Dumas 0-0: Called Strike
0-1: Ball
1-1: Foul Ball, location: 2F
1-2: Strikes out swinging
Batting: RHB Chris Zubia 0-0: Foul Ball, location: 2F
0-1: Foul Ball, location: 2F
0-2: Ball
1-2: Ball
2-2: Ball
3-2: SOLO HOME RUN (Flyball, 9D, EV 95.0 MPH), Distance : 367 ft
Batting: RHB Drew Morgenstern 0-0: Ball
1-0: Foul Ball, location: 2F
1-1: Foul Ball, location: 2F
1-2: Foul Ball, location: 2F
1-2: SINGLE (Groundball, 6M, EV 94.4 MPH) (infield hit)
Batting: RHB Jonathan Gardner 0-0: Called Strike
0-1: Called Strike
0-2: Ball
1-2: Strikes out swinging
Pinch Hitting: RHB Danny Gallardo 0-0: Swinging Strike
0-1: Called Strike
0-2: Ball
1-2: Ball
2-2: Fly out, F4 (Popup, 34, EV 76.9 MPH)
Bottom of the 6th over - 1 run, 2 hits, 0 errors, 1 left on base; University of Nebraska 0 - University of Miami 3
TOP OF THE 7TH
University of Nebraska Cornhuskers batting - Pitching for University of Miami Hurricanes : LHP Bill MacDermid
Pitching: LHP Oscar Chavez
Now at SS: C.J. Fleet
Now in RF: Burke Miller
Batting: RHB Aidan Collet 0-0: Called Strike
0-1: Ball
1-1: SINGLE (Groundball, 4M, EV 95.0 MPH)
Pinch Hitting: SHB Kent Worboys 0-0: Called Strike
0-1: Ball
1-1: Ball
2-1: Foul Ball, location: 2F
2-2: SINGLE (Groundball, 56D, EV 111.2 MPH)
Aidan Collet to second
Batting: RHB Tariq Garane 0-0: Ball
1-0: Foul Ball, location: 2F
1-1: Fielders Choice at 2nd, 3-6 (Groundball, 3, EV 82.5 MPH)
Aidan Collet to third
Pinch Hitting: SHB Gary Luckwell 0-0: Ball
1-0: Swinging Strike
1-1: SINGLE (Line Drive, 8RS, EV 98.8 MPH)
Aidan Collet scores
Tariq Garane to second
Batting: RHB Will England 0-0: Called Strike
0-1: Foul Ball, location: 2F
0-2: Strikes out swinging
Pinch Hitting: RHB David Arevalo 0-0: Swinging Strike
0-1: Ball
1-1: Fielders Choice at 2nd, U6 (Groundball, 6M, EV 96.2 MPH)
Top of the 7th over - 1 run, 3 hits, 0 errors, 2 left on base; University of Nebraska 1 - University of Miami 3
BOTTOM OF THE 7TH
University of Miami Hurricanes batting - Pitching for University of Nebraska Cornhuskers : RHP Joe Hunter
Now at 1B: Kent Worboys
Now in LF: David Arevalo
Now in RF: Zion Jones
Pinch Hitting: LHB Addergoole Kartosuwiryo 0-0: Ball
1-0: Foul Ball, location: 2F
1-1: SINGLE (Line Drive, 8LS, EV 99.4 MPH)
Batting: LHB Brian Woods 0-0: Ball
1-0: Ball
2-0: Called Strike
2-1: Ball
3-1: Called Strike
3-2: Base on Balls
Addergoole Kartosuwiryo to second
Batting: RHB Edward Purkis 0-0: Bunt missed!
0-1: Sac Bunt to 13 - play at first, batter OUT! 1-4
Addergoole Kartosuwiryo to third
Brian Woods to second
Batting: RHB Harry Labelle 0-0: Swinging Strike
0-1: Ball
1-1: Swinging Strike
1-2: Strikes out looking
Batting: RHB Burke Miller 0-0: Called Strike
0-1: Ball
1-1: Ball
2-1: Swinging Strike
2-2: Ground out 5-3 (Groundball, 56, EV 83.8 MPH)
Bottom of the 7th over - 0 runs, 1 hit, 0 errors, 2 left on base; University of Nebraska 1 - University of Miami 3
TOP OF THE 8TH
University of Nebraska Cornhuskers batting - Pitching for University of Miami Hurricanes : LHP Oscar Chavez
Pitching: LHP Bill Judd
Now at 3B: Addergoole Kartosuwiryo
Pinch Hitting: RHB Jose Caballero 0-0: Ball
1-0: Ball
2-0: Called Strike
2-1: Swinging Strike
2-2: Ground out 5-3 (Groundball, 15, EV 82.5 MPH)
Batting: RHB Jeremy Weaver 0-0: Ball
1-0: Called Strike
1-1: Ball
2-1: Ground out 5-3 (Groundball, 56, EV 104.4 MPH)
Batting: SHB Andy Henn 0-0: Ball
1-0: Foul Ball, location: 2F
1-1: Ground out 6-3 (Groundball, 6, EV 91.2 MPH)
Top of the 8th over - 0 runs, 0 hits, 0 errors, 0 left on base; University of Nebraska 1 - University of Miami 3
BOTTOM OF THE 8TH
University of Miami Hurricanes batting - Pitching for University of Nebraska Cornhuskers : RHP Joe Hunter
Pitching: LHP Nate Wood
Now at 3B: Danny Forbes
Batting: RHB Chris Zubia 0-0: Ball
1-0: Foul Ball, location: 2F
1-1: Swinging Strike
1-2: Foul Ball, location: 2F
1-2: Ball
2-2: Ball
3-2: Base on Balls
Batting: RHB Drew Morgenstern 0-0: Ball
1-0: Called Strike
1-1: Foul Ball, location: 2F
1-2: Fielders Choice at 2nd, 4-6 (Groundball, 4, EV 102.5 MPH)
Batting: RHB Jonathan Gardner 0-0: Ball
1-0: Swinging Strike
1-1: Ball
2-1: Fielders Choice at 2nd, 4-6 (Groundball, 34, EV 84.4 MPH)
Batting: RHB C.J. Fleet 0-0: Called Strike
0-1: Ball
Jonathan Gardner steals 2nd base
1-1: Ground out 5-3 (Groundball, 5S, EV 69.4 MPH)
Bottom of the 8th over - 0 runs, 0 hits, 0 errors, 1 left on base; University of Nebraska 1 - University of Miami 3
TOP OF THE 9TH
University of Nebraska Cornhuskers batting - Pitching for University of Miami Hurricanes : LHP Bill Judd
Pitching: RHP Carlos Visoso
Batting: RHB Aidan Collet 0-0: Called Strike
0-1: Foul Ball, location: 2F
0-2: Ball
1-2: Ball
2-2: SINGLE (Flyball, 89S, EV 85.0 MPH)
Pinch Hitting: RHB Ruben Savino 0-0: Fly out, F8 (Flyball, 78M, EV 89.4 MPH)
Batting: RHB Tariq Garane 0-0: Called Strike
0-1: Called Strike
0-2: Ball
1-2: DOUBLE (Flyball, 9LD, EV 98.1 MPH)
Aidan Collet to third
Batting: RHB Zion Jones 0-0: Ball
1-0: Ball
2-0: Ball
3-0: Called Strike
3-1: Called Strike
3-2: Fly out, F7 (Flyball, 7D, EV 101.9 MPH)
Pinch Hitting: SHB Phil Roper 0-0: Called Strike
0-1: Called Strike
0-2: Strikes out swinging
Top of the 9th over - 0 runs, 2 hits, 0 errors, 2 left on base; University of Nebraska 1 - University of Miami 3
Thursday, December 15th , 2022 - OOTP Baseball 23.9 Build 102